 Dungeon Crawl Stone Soup version 0.27.0-1-g7a089689b8 (webtiles) character file.

Game seed: 8212182695904283985

721 Acheron the Skirmisher (level 7, -10/54 HPs)
             Began as a Demonspawn Abyssal Knight on Aug 1, 2021.
             Was a Believer of Lugonu.
             Mangled by an ogre (22 damage)
             ... on level 5 of the Dungeon.
             The game lasted 00:18:11 (4386 turns).

Acheron the Skirmisher (Demonspawn Abyssal Knight)  Turns: 4386, Time: 00:18:12

Health: -10/54     AC: 13    Str: 13    XL:     7   Next: 43%
Magic:  19/19      EV: 11    Int: 13    God:    Lugonu [**....]
Gold:   123        SH:  4    Dex: 14    Spells: 9/9 levels left

rFire    . . .     SeeInvis .   j - +0 hand axe (vorpal)
rCold    . . .     Faith    .   (no shield)
rNeg     . . .     Spirit   .   o - +0 ring mail
rPois    .         Reflect  .   (helmet restricted)
rElec    .         Harm     .   h - +0 cloak
rCorr    .         Rampage  .   (no gloves)
Will     .....                  (no boots)
Stlth    +.........             (no amulet)
HPRegen  0.18/turn              c - ring of magical power
MPRegen  0.32/turn              (no ring)

@: sanguine armoured
A: antennae 1, magic regeneration, sanguine armour 1, condensation shield
a: Renounce Religion, Depart the Abyss, Bend Space


You were on level 5 of the Dungeon.
You worshipped Lugonu.
Lugonu was pleased with you.
You visited 2 branches of the dungeon, and saw 7 of its levels.
You visited the Abyss 1 time.

You collected 123 gold pieces.

Inventory:

Hand Weapons
 a - a +1 hand axe
 j - a +0 vorpal hand axe (weapon)
 q - a +0 flail
Missiles
 k - 5 boomerangs (quivered)
 n - 18 sling bullets
 p - 41 bolts
 r - a throwing net
Armour
 b - a +0 leather armour
 h - a +0 cloak (worn)
 o - a +0 ring mail (worn)
Jewellery
 c - a ring of magical power (left hand)
Wands
 e - a wand of flame (17)
Scrolls
 f - a scroll of magic mapping {unknown}
 g - a scroll of vulnerability {unknown}
 l - 2 scrolls of identify
 s - a scroll of enchant armour {unknown}
Potions
 d - 2 potions of curing
 i - a potion of degeneration {unknown}
 m - a potion of mutation {unknown}


   Skills:
 * Level 4.0 Fighting
 + Level 3.5 Axes
 * Level 1.2 Throwing
 * Level 3.8 Armour
 * Level 1.9 Dodging
 * Level 2.0 Stealth
 * Level 1.0 Shields
 * Level 1.5 Spellcasting
 * Level 4.0 Invocations
 * Level 2.2 Evocations


You had 9 spell levels left.
You didn't know any spells.
Your spell library was empty.

Dungeon Overview and Level Annotations

Branches:
Dungeon (6/15)             Temple (1/1) D:4

Altars:
Ashenzari
Dithmenos
Elyvilon
Fedhas
Gozag
Hepliaklqana
Makhleb
Nemelex Xobeh
Okawaru
Qazlal
Ru
Sif Muna
Uskayaw
Vehumet
Wu Jian
Xom
Yredelemnul
Zin
The Shining One

Shops:
D:3 *

Annotations:
D:3 Sigmund


Innate Abilities, Weirdness & Mutations

You have a pair of small antennae on your head.
You regenerate magic rapidly.
When seriously injured, your bleeding wounds create armour. (AC +6)
A meltable shield of frost defends you. (SH +4)


Message History

The ogre barely misses you.
You hit the ogre.
The ogre is moderately wounded.
The ogre barely misses you.
You barely miss the ogre.
The ogre is moderately wounded.
The ogre hits you with a +0 giant club!
You hit the ogre.
The ogre is heavily wounded.
The ogre barely misses you.
Your ring mail prevents you from hitting the ogre.
The ogre is heavily wounded.
The ogre closely misses you.
You hit the ogre but do no damage.
The ogre is heavily wounded.
You hit the ogre.
The ogre is severely wounded.
The ogre closely misses you.
You hit the ogre but do no damage.
The ogre is severely wounded.
The ogre hits you with a +0 giant club!
Your blood congeals into armour.
You hit the ogre.
The ogre is severely wounded.
The ogre barely misses you.
You barely miss the ogre.
The ogre is severely wounded.
The ogre hits you with a +0 giant club!!
* * * LOW HITPOINT WARNING * * *
You hit the ogre but do no damage.
The ogre is severely wounded.
The ogre barely misses you.
You closely miss the ogre.
The ogre is severely wounded.
The ogre barely misses you.
You barely miss the ogre.
The ogre is severely wounded.
You hit the ogre.
The ogre is almost dead.
The ogre hits you with a +0 giant club!!
You die...

.# ##### .
##....#. #
##........#####
#....>..#......
#...$...#....
#......[.#
#....O@.# ....
###..#.## ....##
###(.# .....#
##..## <....#
####..##
.....#####.....##
......#.....#...#
..........####..#
..........# #..##


You could see an ogre.

Vanquished Creatures
  2 necrophages
  A phantom (D:4)
  A bullfrog (D:5)
  A scorpion (D:4)
  A water moccasin skeleton (D:5)
  A bullfrog zombie (D:5)
  3 hounds
  An orc wizard (D:4)
  A hound skeleton (D:4)
  4 adders
  3 gnolls (D:4)
  A white imp (D:4)
  An ufetubus (D:5)
  2 adder skeletons (D:4)
  5 dart slugs
  6 orcs
  4 endoplasms
  A giant cockroach (D:1)
  2 hobgoblins (D:1)
  2 quokkas (D:1)
  4 ball pythons
  4 bats
  3 frilled lizards
  2 goblins (D:4)
  2 kobolds
  6 rats
64 creatures vanquished.

Vanquished Creatures (others)
  A gnoll (D:4)
  An adder zombie (D:4)
  A dart slug (D:4)
  A goblin (D:4)
  A jackal (D:4)
  A ball python (D:4)
  27 plants (D:3)
33 creatures vanquished.

Grand Total: 97 creatures vanquished

Notes
Turn   | Place    | Note
-------+----------+-------------------------------------------
     0 | Abyss:1  | Acheron the Demonspawn Abyssal Knight began the quest for
                  | the Orb.
     0 | Abyss:1  | Reached XP level 1. HP: 18/18 MP: 2/2
    13 | D:1      | Escaped the Abyss
   181 | D:1      | Gained mutation: You have a pair of small antennae on your
                  | head. [demonic ancestry]
   181 | D:1      | Reached XP level 2. HP: 15/24 MP: 4/4
   525 | D:1      | Found a faded altar of an unknown god.
  1022 | D:1      | Reached skill level 1 in Dodging
  1089 | D:1      | Gained mutation: When seriously injured, your bleeding
                  | wounds create armour. (AC +6) [demonic ancestry]
  1089 | D:1      | Reached XP level 3. HP: 25/29 MP: 5/5
  1647 | D:3      | Found Zin's Purification Station.
  1648 | D:3      | Noticed Sigmund
  1970 | D:3      | Reached skill level 1 in Stealth
  1974 | D:4      | Noticed a phantom
  2006 | D:4      | Reached ** piety under Lugonu
  2100 | D:4      | Noticed a phantom
  2125 | D:4      | Found a shadowy altar of Dithmenos.
  2138 | D:5      | Entered Level 5 of the Dungeon
  2157 | D:5      | Reached XP level 4. HP: 30/35 MP: 6/6
  2204 | D:6      | Noticed a bullfrog
  2228 | D:5      | Killed a bullfrog
  2229 | D:5      | Reached skill level 1 in Evocations
  2229 | D:5      | Gained mutation: A meltable shield of frost defends you.
                  | (SH +4) [demonic ancestry]
  2229 | D:5      | Reached XP level 5. HP: 12/41 MP: 7/7
  2887 | D:5      | Noticed a necrophage
  2909 | D:5      | Killed a necrophage
  2910 | D:5      | Reached skill level 1 in Spellcasting
  2910 | D:5      | Reached XP level 6. HP: 28/48 MP: 8/8
  3146 | D:4      | Found a staircase to the Ecumenical Temple.
  3153 | Temple   | Entered the Ecumenical Temple
  3635 | D:4      | Found a shimmering altar of Xom.
  3800 | D:4      | Gained mutation: You regenerate magic rapidly. [demonic
                  | ancestry]
  3800 | D:4      | Reached XP level 7. HP: 42/53 MP: 9/9
  3835 | D:4      | Reached skill level 1 in Throwing
  4353 | D:5      | Reached skill level 1 in Shields
  4386 | D:5      | Mangled by an ogre

Illustrated notes

Levels and vault maps discovered:
D:1:      lightli_arrival_isolated_outpost, layout_basic,
          hellmonk_ecumenical_altar_lost_god, columned_hall_lemuel,
          minmay_misc_feat_pillars
D:2:      layout_basic, kennysheep_generic_room_3
D:3:      layout_loops_ring, zin_purify, lemuel_tele_altar,
          gammafunk_ghost_gnarly_gnolls, kennysheep_boxes, uniq_sigmund
D:4:      layout_gridville, mainiacjoe_overflow_brackets, xom_confusion_cloud,
          cheibrodos_worm_habitat, minmay_temple_entry_arrows
D:5:      layout_cave_pods
D:6:      layout_cave_pools, kennysheep_mini_moat
Temple:   lightli_temple_of_artemis

Skill      XL: |  1  2  3  4  5  6  7 |
---------------+----------------------+-----
Axes           | 2 3 |  3.5
Armour         | 2 3 |  3.8
Invocations    | 3 4 |  4.0
Dodging        | 1 |  1.9
Stealth        | 1 2 |  2.0
Evocations     | 1 2 |  2.2
Spellcasting   | 1 |  1.5
Throwing       | 1 |  1.2
Fighting       | 4 |  4.0
Shields        | 1 |  1.0

Action                   |  1- 3 |  4- 6 |  7- 9 || total
-------------------------+-------+-------+-------++-------
Melee: Hand axe          |   127 |   150 |    82 ||   359
Throw: Boomerang         |       |     1 |       ||     1
Invok: Bend Space        |     2 |     5 |       ||     7
Evoke: Wand              |       |     1 |       ||     1
  Use: Scroll            |       |     2 |       ||     2
       Potion            |       |     1 |     1 ||     2
Armor: Leather armour    |    49 |       |       ||    49
       Ring mail         |     8 |    74 |    20 ||   102
Dodge: Dodged            |    99 |    84 |    47 ||   230
Block: Other             |       |    29 |    16 ||    45
